 Zot Defence DCSS version 0.15.2 (webtiles) character file.

137 jerryfan the Cudgeler (level 5, -1/42 (57) HPs)
             Began as an Ogre Berserker on May 23, 2018.
             Was a Follower of Trog.
             Killed from afar by Ejirghu the deep elf mage (25 damage)
             ... with a fireball
             ... in the Realm of Zot (Scenario I: Hall of Zot).
             The game lasted 00:05:51 (446 turns).

jerryfan the Cudgeler (Ogre Berserker)               Turns: 446, Time: 00:05:54

HP  -1/42 (57)   AC  3     Str 23      XL: 5   Next: 20%
MP   5/5         EV 10     Int  6      God: Trog [*.....]
Gold 0           SH  0     Dex  9      Spells:  0 memorised,  4 levels left

rFire  . . .     SeeInvis .     a - +0 mace
rCold  . . .     Clarity  .     b - +0 animal skin
rNeg   . . .     rCorr    .     (shield restricted)
rPois  .         rRot     .     (helmet restricted)
rElec  .         Spirit   .     (no cloak)
SustAb .         Warding  .     (gloves unavailable)
rMut   .         Stasis   .     (boots unavailable)
Gourm  .                        (no amulet)
MR     .....                    (no ring)
                                (no ring)

@: not resistant to hostile enchantments, very unstealthy
A: unfitting armour, tough skin 1
a: Make oklob sapling, Make arrow trap, Make plant, Remove Curse, Make burning
bush, Burn Spellbooks, Berserk, Renounce Religion


You were in the Realm of Zot.
You worshipped Trog.
Trog was aware of your devotion.
You were not hungry.

You visited 1 branch

Inventory:

Hand weapons
 a - a +0 mace (weapon)
Missiles
 e - 10 stones (quivered)
Armour
 b - a +0 animal skin (worn)
Comestibles
 d - a meat ration
 j - a rotting chunk of bat flesh
 k - a rotting chunk of rat flesh
 l - a chunk of rat flesh
 m - a rotting chunk of goblin flesh
 n - a rotting chunk of bat flesh
 o - a chunk of bat flesh
Scrolls
 i - a scroll of blinking
Potions
 c - 2 potions of curing
 f - a potion of haste
 g - 2 potions of magic
 h - a potion of berserk rage


   Skills:
 + Level 5.4 Fighting
 + Level 5.5 Maces & Flails
 + Level 3.8 Dodging


You had 4 spell levels left.
You didn't know any spells.

Dungeon Overview and Level Annotations

Branches:
    Zot (1/1)

Altars:


Innate Abilities, Weirdness & Mutations

You are too large for most types of armour.
You have tough skin (AC +1).


Message History

You kill the goblin!
Trog accepts your kill.
You start resting.
A kobold comes into view. It is wielding a whip.
The kobold throws a stone.
The stone closely misses you.
The kobold throws a stone.
The stone hits you but does no damage.
The kobold throws a stone.
The stone hits you but does no damage.
An arrow misses the kobold!
Ejirghu the deep elf mage comes into view.
It is wielding a short sword.
The kobold throws a stone.
The stone hits you.
The kobold throws a stone.
The stone hits you but does no damage.
e - 10 stones (gained 6)
An arrow hits Ejirghu!
Your oklob sapling spits acid at the kobold.
The splash of acid hits the kobold.
The kobold writhes in agony as its flesh is eaten away!
Ejirghu casts a spell at you.
The fireball explodes!
The fireball engulfs you!
Ouch! That really hurt!
You die...

######### ######### ....####
####.... .......### ###.......
.........## ##.........
..........# ▓▓▓▓▓▓▓▓▓ #..........
..........▓▓▓...P%..▓▓▓..........
..........▓▓.........▓▓..........
..........▓...........▓..........
........(.^).K))@%(().^..........
..........▓e....%.....▓..........
..........▓▓.........▓▓..........
..........▓▓▓.......▓▓▓..........
..........▓ ▓▓▓▓▓▓▓▓▓ ▓..........
.........▓▓ ▓▓.........
.......▓▓▓ ▓▓▓....... ....▓▓▓▓
▓▓▓▓.... ▓▓▓▓▓▓▓▓ ▓▓▓▓▓▓▓▓


You could see Ejirghu the deep elf mage, a kobold (bleeding) and a friendly
oklob sapling.

Vanquished Creatures
  A crimson imp (Zot)
  2 oozes (Zot)
  2 ball pythons (Zot)
  A goblin (Zot)
  A kobold (Zot)
  5 bats (Zot)
  A giant newt (Zot)
  3 rats (Zot)
16 creatures vanquished.

Vanquished Creatures (collateral kills)
  2 giant cockroaches (Zot)
  3 goblins (Zot)
  4 kobolds (Zot)
  A ball python (Zot)
  4 bats (Zot)
  2 rats (Zot)
16 creatures vanquished.

Vanquished Creatures (others)
  2 kobolds (Zot)
  A goblin (Zot)
3 creatures vanquished.

Grand Total: 35 creatures vanquished

Notes
Turn   | Place    | Note
--------------------------------------------------------------
     0 | Zot      | jerryfan, the Ogre Berserker, began the quest for the Orb.
     0 | Zot      | Reached XP level 1. HP: 24/24 MP: 1/1
   205 | Zot      | Reached XP level 2. HP: 17/17 MP: 2/2
   242 | Zot      | Noticed Goliar
   253 | Zot      | Reached XP level 3. HP: 20/25 MP: 3/3
   266 | Zot      | Killed Goliar the crimson imp
   266 | Zot      | Reached skill level 5 in Fighting
   266 | Zot      | Reached skill level 5 in Maces & Flails
   266 | Zot      | Reached XP level 4. HP: 15/35 MP: 4/4
   330 | Zot      | Reached XP level 5. HP: 25/42 MP: 5/5
   442 | Zot      | Noticed Ejirghu
   446 | Zot      | Killed from afar by Ejirghu the deep elf mage

Action                   |  1- 3 |  4- 6 || total
-------------------------+-------+-------++-------
Melee: Mace              |    38 |    13 ||    51
Throw: Stone             |       |     4 ||     4
Invok: Berserk           |       |     1 ||     1
 Abil: Make oklob saplin |     1 |       ||     1
       Make arrow trap   |       |     2 ||     2
  Use: Potion            |     2 |       ||     2
